 Dungeon Crawl Stone Soup version 0.31-a0-664-g902f515a81 (webtiles) character file.

Game seed: 15220615630061578309

53 DocSulfur the Trooper (level 3, 0/45 HPs)
             Began as a Demonspawn Berserker on Sept 2, 2023.
             Was a Follower of Trog.
             Slain by a gnoll
             ... wielding a +0 spear
              (3 damage)
             ... on level 2 of the Dungeon.
             The game lasted 00:07:21 (1114 turns).

DocSulfur the Trooper (Demonspawn Berserker)        Turns: 1114, Time: 00:07:22

Health: 0/45       AC:  8    Str: 19    XL:     3   Next: 64%
Magic:  3/3        EV: 11    Int:  8    God:    Trog [*.....]
Gold:   75         SH:  0    Dex: 12    Spells: 2/2 levels left

rFire   . . .        o - +0 morningstar
rCold   . . .        (no shield)
rNeg    . . .        p - +0 ring mail
rPois   .            (no helmet)
rElec   .            (no cloak)
rCorr   .            (no gloves)
SInv    .            e - +0 pair of boots
Will    .....        (no amulet) Stlth
                     (no ring)
HPRegen 0.27/turn    (no ring)
MPRegen 0.08/turn

%: no passive effects
@: berserking, very quick
A: claws 1, thin metallic scales 1
a: Renounce Religion, Berserk


You were on level 2 of the Dungeon.
You worshipped Trog.
Trog was aware of your devotion.
You visited 1 branch of the dungeon, and saw 2 of its levels.

You collected 75 gold pieces.

Inventory:

Hand Weapons
 a - a +0 hand axe
 o - a +0 morningstar (weapon)
Missiles
 f - 3 poisoned darts
Armour
 e - a +0 pair of boots (worn)
 p - a +0 ring mail (worn)
Jewellery
 q - a ring of poison resistance
Talismans
 j - a maw talisman
Scrolls
 b - 2 scrolls of torment {unknown}
 c - a scroll of identify {unknown}
 d - a scroll of silence {unknown}
 h - a scroll of enchant weapon {unknown}
 k - a scroll of amnesia {unknown}
 m - a scroll of poison {unknown}
Potions
 g - a potion of might {unknown}
 i - a potion of resistance {unknown}
 l - 2 potions of berserk rage {unknown}
 n - a potion of attraction {unknown}


   Skills:
 + Level 3.9 Fighting
 + Level 3.5 Axes
 - Level 1.7 Armour
 - Level 1.7 Dodging


You had 2 spell levels left.
You didn't know any spells.
Your spell library was empty.

Dungeon Overview and Level Annotations

Branches:
Dungeon (2/15)

Altars:


Innate Abilities, Weirdness & Mutations

You have sharp fingernails.
You are partially covered in thin metallic scales. (AC +2)


Message History

The adder closely misses you. The adder bites you but does no damage.
You miss the adder.
The adder is almost dead.
The adder closely misses you. The kobold hits you but does no damage.
You closely miss the adder.
The adder is almost dead.
The adder bites you but does no damage. x2
The kobold hits you with a +0 dagger.
The gnoll hits you from afar with a +0 spear!
The gnoll hits you with a +0 club.
Okay, then.
The gnoll attacks as it pursues you!
The gnoll hits you from afar with a +0 spear.
The adder bites you.
A red film seems to cover your vision as you go berserk!
You feel yourself moving faster!
You feel mighty! The kobold barely misses you.
The gnoll hits you with a +0 club!
* * * LOW HITPOINT WARNING * * *
The gnoll hits you but does no damage. The adder closely misses you.
You sock the adder!
You kill the adder!
Trog accepts your kill. The kobold barely misses you.
The gnoll closely misses you. The gnoll hits you but does no damage.
The gnoll hits you from afar with a +0 spear.
* * * LOW HITPOINT WARNING * * *
You completely miss the gnoll. The kobold hits you but does no damage.
The gnoll hits you but does no damage. The gnoll completely misses you.
The gnoll barely misses you. The kobold barely misses you.
The gnoll hits you but does no damage. The gnoll barely misses you.
You closely miss the gnoll. The gnoll hits you with a +0 spear.
* * * LOW HITPOINT WARNING * * *
The kobold hits you with a +0 dagger.
* * * LOW HITPOINT WARNING * * *
You bludgeon the gnoll!!
You kill the gnoll!
Trog accepts your kill. The gnoll hits you with a +0 spear.
You die...

#........#.##.# #.#
#.###.##.#.#..#.#.#
#......#... #.#
#..........
####...#.####.#
#.......... #.#.....##.#
#.......... #)#........#
#.......... #.##.......#
#.......... #.##....g.##
#.......... #.##...K@).#
#......g...
..##.....g.###....g..g..
####........###...######
#......#.##..###
#......#....##
........##.>...#
##.......###....#
.#....### #....# .#...
#...(#


You could see 2 gnolls and a kobold.

Vanquished Creatures
  A gnoll (D:2)
  2 adders (D:2)
  A dart slug (D:1)
  3 bats (D:1)
  2 endoplasms
  2 giant cockroaches
  2 goblins (D:1)
  4 hobgoblins
  2 jackals (D:1)
  4 kobolds
  A quokka (D:2)
  5 ball pythons
  3 frilled lizards
  2 rats (D:1)
34 creatures vanquished.

Notes
Turn   | Place    | Note
-------+----------+-------------------------------------------
     0 | D:1      | DocSulfur the Demonspawn Berserker began the quest for the
                  | Orb.
     0 | D:1      | Reached XP level 1. HP: 18/18 MP: 1/1
   139 | D:1      | Gained mutation: You have sharp fingernails. [demonic
                  | ancestry]
   139 | D:1      | Reached XP level 2. HP: 24/24 MP: 2/2
   630 | D:2      | Gained mutation: You are partially covered in thin metallic
                  | scales. (AC +2) [demonic ancestry]
   630 | D:2      | Reached XP level 3. HP: 30/30 MP: 3/3
  1114 | D:2      | Slain by a gnoll

Illustrated notes

Levels and vault maps discovered:
D:1:      matt_arrival_spirals, layout_basic
D:2:      layout_basic, shapermc_ecumenical_altar_rom_forum, basic_altar,
          ebering_dispersal_statue_hall

Skill      XL: |  1 |
---------------+----+-----
Axes           | 3 |  3.5
Fighting       | |  3.9
Armour         | |  1.7
Dodging        | |  1.7

Action                     || total
---------------------------++-------
  Melee: Hand axe          ||    59
         Morningstar       ||    24
 Invoke: Berserk           ||     3
 Armour: Leather armour    ||    41
         Animal skin       ||     5
         Ring mail         ||    31
  Dodge: Dodged            ||    58

Table legend: (Time is in decaauts)
 A = Elapsed time spent in this place.
 B = Non-inter-level travel time spent in this place.
 C = Inter-level travel time spent in this place.
 D = Time resting spent in this place.
 E = Time spent auto-exploring this place.
 F = Levels seen in this place.
 G = Mean time per level.
                   A        B        C        D        E       F      G
               +--------+--------+--------+--------+--------+-----+--------+
         Total |   1148 |   1146 |      2 |     66 |    436 |   2 |  574.0 |
       Dungeon |   1148 |   1146 |      2 |     66 |    436 |   2 |  574.0 |
               +--------+--------+--------+--------+--------+-----+--------+

Top non-repeatable levels by time:
     D:1: 626 daAuts
     D:2: 522 daAuts
